 Dungeon Crawl Stone Soup version 0.30.1-3-gfc49f6343a (webtiles) character file.

Game seed: 14236473463196123667

597 Wiggles the Chopper (level 7, 0/61 HPs)
             Began as a Minotaur Berserker on Aug 8, 2023.
             Was a Believer of Trog.
             Slain by a kobold
             ... wielding a +1 dagger of distortion
              (11 damage)
             ... on level 3 of the Dungeon.
             The game lasted 00:03:14 (1755 turns).

Wiggles the Chopper (Minotaur Berserker)            Turns: 1755, Time: 00:03:15

Health: 0/61       AC:  8    Str: 24    XL:     7   Next: 17%
Magic:  6/6        EV: 12    Int:  4    God:    Trog [**....]
Gold:   36         SH:  0    Dex:  9    Spells: 6/6 levels left

rFire   . . .        a - +0 hand axe
rCold   . . .        (no shield)
rNeg    . . .        j - +0 ring mail
rPois   .            k - +2 hat
rElec   .            (no cloak)
rCorr   +            (no gloves)
SInv    +            (no boots)
Will    .....        (no amulet)
Stlth   +            e - ring of see invisible
HPRegen 0.30/turn    n - ring of resist corrosion
MPRegen 0.10/turn

%: no passive effects
@: on berserk cooldown, slowed, very slow
A: horns 2, retaliatory headbutt
a: Renounce Religion, Berserk, Trog's Hand


You were on level 3 of the Dungeon.
You worshipped Trog.
Trog was pleased with you.
You visited 1 branch of the dungeon, and saw 3 of its levels.
You visited the Abyss 1 time.

You collected 36 gold pieces.

Inventory:

Hand Weapons
 a - a +0 hand axe (weapon)
Armour
 j - a +0 ring mail (worn)
 k - a +2 hat (worn)
Jewellery
 e - a ring of see invisible (left hand)
 n - a ring of resist corrosion (right hand)
Scrolls
 b - a scroll of vulnerability {unknown}
 d - a scroll of immolation {unknown}
 f - a scroll of noise {unknown}
 h - a scroll of summoning {unknown}
 i - 3 scrolls of identify {unknown}
Potions
 c - a potion of mutation {unknown}
 g - a potion of heal wounds {unknown}
 l - a potion of flight {unknown}
 m - a potion of brilliance {unknown}
 o - 3 potions of might {unknown}


   Skills:
 + Level 5.5 Fighting
 + Level 6.6 Axes
 + Level 5.0 Armour
 + Level 4.1 Dodging
 + Level 0.8 Stealth


You had 6 spell levels left.
You didn't know any spells.
Your spell library was empty.

Dungeon Overview and Level Annotations

Branches:
Dungeon (3/15)

Altars:


Innate Abilities, Weirdness & Mutations

You have a pair of horns on your head.
You reflexively headbutt those who attack you in melee.


Message History

The wretched star is heavily damaged.
You hit the wretched star. You headbutt the wretched star!!
The wretched star is severely damaged.
You hit the wretched star. You headbutt the wretched star!
The wretched star is almost destroyed.
The wretched star pulses with an eldritch light!
You feel frail. x2
You hit the wretched star. You headbutt the wretched star.
You destroy the wretched star!
Trog accepts your kill.
You feel the corruption within you wane completely.
You feel robust. x2
Your Fighting skill increases to level 5!
Your Axes skill gained 2 levels and is now at level 6!
Your Armour skill gained 2 levels and is now at level 5!
Your Dodging skill gained 2 levels and is now at level 4!
You have reached level 4!
You feel stronger.
You have reached level 5!
You have reached level 6!
You have reached level 7!
The substance of the Abyss twists violently, and a gateway leading out appears!
There is a gateway leading out of the Abyss here.
You feel a strong urge to attack something.
You are no longer berserk.
You are exhausted.
You feel yourself slow down.
You pass through the gate.
Welcome back to the Dungeon!
The ball python closely misses you. You furiously retaliate!
You headbutt the ball python.
You kill the ball python!
Trog accepts your kill. The kobold hits you but does no damage.
Space warps horribly around you!!
* * * LOW HITPOINT WARNING * * *
The endoplasm freezes you.
You are frozen.
* * * LOW HITPOINT WARNING * * *
The endoplasm closely misses you. The kobold hits you but does no damage.
Space warps horribly around you!
You die...

#..#.##.# #....
#..#.##.# ....
#.......# ...
####.#### .. ##.##
#. ###...#
#.######.....#
###.##.†.K...#....#
.........@.##..####
.##.##...J.....#
#.###.....# #.
####### #. #. #. #.


You could see an endoplasm and a kobold.

Vanquished Creatures
  A wretched star (Abyss:2)
  An adder (D:2)
  2 worms (D:2)
  3 ball pythons
  3 bats
  6 endoplasms
  A giant cockroach (D:2)
  3 goblins (D:2)
  8 hobgoblins
  4 jackals (D:2)
  A quokka (D:1)
  3 frilled lizards
  A kobold (D:1)
  A rat (D:2)
38 creatures vanquished.

Notes
Turn   | Place    | Note
-------+----------+-------------------------------------------
     0 | D:1      | Wiggles the Minotaur Berserker began the quest for the Orb.
     0 | D:1      | Reached XP level 1. HP: 19/19 MP: 0/0
   176 | D:1      | Reached XP level 2. HP: 27/27 MP: 1/1
   304 | D:1      | Reached skill level 4 in Axes
   935 | D:2      | Reached XP level 3. HP: 32/33 MP: 2/2
  1116 | D:2      | Reached ** piety under Trog
  1662 | Abyss:1  | Cast into level 1 of the Abyss (kobold)
  1697 | Abyss:1  | Found a corrupted altar of Lugonu.
  1712 | Abyss:2  | Found a corrupted altar of Lugonu.
  1729 | Abyss:2  | Noticed a wretched star
  1751 | Abyss:2  | Killed a wretched star
  1752 | Abyss:2  | Reached skill level 5 in Fighting
  1752 | Abyss:2  | Reached skill level 6 in Axes
  1752 | Abyss:2  | Reached skill level 5 in Armour
  1752 | Abyss:2  | Reached XP level 4. HP: 33/42 MP: 3/3
  1752 | Abyss:2  | Reached XP level 5. HP: 38/48 MP: 4/4
  1752 | Abyss:2  | Reached XP level 6. HP: 44/56 MP: 5/5
  1752 | Abyss:2  | Reached XP level 7. HP: 48/61 MP: 6/6
  1754 | D:3      | Escaped the Abyss
  1755 | D:3      | Slain by a kobold

Illustrated notes

Levels and vault maps discovered:
D:1:      dpeg_arrival_rooms_c, layout_basic
D:2:      layout_loops_corners
D:3:      layout_loops_cross

Skill      XL: |  1  2  3 |
---------------+----------+-----
Axes           | 4 6 |  6.6
Fighting       | 4 5 |  5.5
Armour         | 5 |  5.0
Dodging        | 4 |  4.1
Stealth        | |  0.8

Action                     |  1- 3 |  4- 6 |  7- 9 || total
---------------------------+-------+-------+-------++-------
  Melee: Hand axe          |   104 |       |       ||   104
         Headbutt          |    17 |       |       ||    17
         Punch             |     2 |       |       ||     2
 Invoke: Berserk           |     1 |       |       ||     1
 Armour: Animal skin       |     5 |       |       ||     5
         Leather armour    |     4 |       |       ||     4
         Ring mail         |    15 |       |     2 ||    17
  Dodge: Dodged            |    54 |       |     2 ||    56
